 Dungeon Crawl Stone Soup version 0.20-a0-1015-g2ec8a95 (webtiles) character file.

1269 Gorice the Jinx (level 8, -2/41 HPs)
             Began as a Kobold Enchanter on Apr 15, 2017.
             Was an Initiate of Okawaru.
             Slain by a sky beast (6 damage)
             ... on level 4 of the Dungeon.
             The game lasted 00:32:13 (9134 turns).

Gorice the Jinx (Kobold Enchanter)                  Turns: 9134, Time: 00:32:14

Health: -2/41      AC:  9    Str:  7    XL:     8   Next: 82%
Magic:  3/11       EV: 14    Int: 16    God:    Okawaru [......]
Gold:   308        SH:  0    Dex: 16    Spells: 2/11 levels left

rFire    . . .     SeeInvis .   a - +2 dagger
rCold    . . .     Gourm    .   (shield restricted)
rNeg     . . .     Faith    .   F - +3 leather armour
rPois    .         Spirit   .   C - +0 helmet
rElec    .         Reflect  .   (no cloak)
rCorr    .         Harm     .   G - +0 pair of gloves
MR       .....                  B - +0 pair of boots
Stlth    ++........             (no amulet)
Regen    0.2/turn               t - ring of flight
MPRegen  0.2/turn               (no ring)

@: about to teleport
A: carnivore 3
a: Renounce Religion, Evoke Flight


You were on level 4 of the Dungeon.
You worshipped Okawaru.
Okawaru was noncommittal.
You were very full.

You visited 2 branches of the dungeon, and saw 6 of its levels.
You also visited: Sewer.

You collected 308 gold pieces.

Inventory:

Hand Weapons
 a - a +2 dagger (weapon)
 u - a +0 broad axe
 y - a +0 trident
 D - a +0 long sword
 H - a +0 rapier
Missiles
 i - 43 bolts
 p - 27 poisoned needles
 z - 39 sling bullets
 Z - 107 stones (quivered)
Armour
 b - a +1 robe
 B - a +0 pair of boots (worn)
 C - a +0 helmet (worn)
 F - a +3 leather armour (worn)
 G - a +0 pair of gloves (worn)
Jewellery
 j - an uncursed ring of ice
 t - a ring of flight (left hand)
Wands
 E - a wand of disintegration (11/24)
Scrolls
 e - a scroll of enchant weapon
 l - 2 scrolls of blinking
 o - 2 scrolls of amnesia
 q - a scroll of identify
 A - a scroll of teleportation {!r}
Potions
 k - 2 potions of haste {!q}
 m - 2 potions of flight
 n - a potion of cancellation {!q}
 v - a potion of curing
 w - a potion of lignification {!q}
Books
 c - a book of Maledictions
Comestibles
 d - 3 meat rations {!e}
 r - 2 royal jellies


   Skills:
 + Level 7.5 Short Blades
 - Level 2.4 Dodging
 - Level 4.0 Stealth
 - Level 2.1 Spellcasting
 * Level 8.8 Hexes


You had 2 spell levels left.
You knew the following spells:

 Your Spells              Type           Power        Failure   Level  Hunger
a - Corona                Hex            ####...      1%          1    #......
b - Ensorcelled Hibernat  Hex/Ice        ###...       10%         2    ###....
c - Confuse               Hex            ####....     2%          3    ###....
d - Tukima's Dance        Hex            ####....     2%          3    ###....


Dungeon Overview and Level Annotations

Branches:
Dungeon (5/15)             Temple (1/1) D:5

Altars:
Ashenzari
Cheibriados
Dithmenos
Elyvilon
Fedhas
Gozag
Hepliaklqana
Kikubaaqudgha
Makhleb
Nemelex Xobeh
Okawaru
Qazlal
Ru
Sif Muna
Trog
Vehumet
Wu Jian
Xom
Yredelemnul
Zin
The Shining One

Shops:
D:4 %*

Annotations:
D:3 exclusion: oklob plant


Innate Abilities, Weirdness & Mutations

You are small and have problems with some larger weapons.
You are carnivorous and can eat meat at any time.


Message History

Deactivating autopickup; reactivate with Ctrl-A.
The water moccasin zombie bites you!
Damage: 7 (max 7)
There is a stone staircase leading up here.
The water moccasin zombie bites you. Something hits you. Something shocks you.
* * * LOW HITPOINT WARNING * * *
You climb upwards.
There is a stone staircase leading down here.
Damage: 14 (max 14) Unknown command.
Casting: Confuse
Confirm with . or Enter, or press ? or * to list all spells.
You don't know that spell.
Okay, then.
Unknown command.
Unknown command.
Casting: Confuse
Confirm with . or Enter, or press ? or * to list all spells.
Aiming: Corona
Press: ? - help, Shift-Dir - straight line The sky beast is outlined in light.
The sky beast hits you.
* * * LOW HITPOINT WARNING * * *
The sky beast shocks you.
* * * LOW HITPOINT WARNING * * *
Damage: 10 (max 14) Unknown command.
There is an entrance to Ulemestro's Assorted Antiques here.
There is an escape hatch in the floor here.
There's nothing to close nearby.
Evoke which item? (* to show all) (? for menu, Esc to quit)
Aiming: Disintegrate (will waste charges)
Press: ? - help, Shift-Dir - straight line, f - sky beast
Aim: a sky beast (moderately wounded, softly glowing, slightly transparent, chance to defeat MR: 65%)
The sky beast struggles to resist.
Evoking this partially-identified wand wasted a few charges.
The sky beast stops glowing and disappears.
A sky beast appears from thin air!
Reactivating autopickup.
Really read
A - 2 scrolls of teleportation {!r}?
As you read the scroll of teleportation {!r}, it crumbles to dust.
You feel strangely unstable. The sky beast hits you.
* * * LOW HITPOINT WARNING * * *
The sky beast shocks you.
* * * LOW HITPOINT WARNING * * *
Damage: 6 (max 6) Unknown command.
The sky beast hits you.
* * * LOW HITPOINT WARNING * * *
The sky beast shocks you.
You die...

#.#
##.######.# #
#.#
####.######.#
# #.#
#.........#.#
#
#.###########
#.##.####.#.#
#
#...........#
#.##.####.#.#
#
##########.##
#.##......#.#
# #.#
#.#######.#.#
# #.#####Y#
#...# #
#....)@.#
#.###
#.#####.# #.#
### ### ###


You could see a sky beast.

Vanquished Creatures
  Eustachio (D:5)
  2 ogres (D:4)
  Blork the orc (D:4)
  2 bullfrogs (Sewer)
  A crimson imp (D:5)
  6 orc wizards
  2 orc priests (D:5)
  4 hounds
  A centaur skeleton (D:4)
  4 worker ants
  A hound skeleton (D:4)
  11 adders
  6 oozes
  4 worms
  2 dart slugs
  12 leopard geckos
  8 orcs
  17 ball pythons
  16 giant cockroaches
  7 goblins
  5 hobgoblins
  A jackal (D:2)
  2 quokkas (D:3)
  6 bats
  15 frilled lizards
  8 kobolds
  4 rats
  A toadstool (D:3)
150 creatures vanquished.

Vanquished Creatures (collateral kills)
  7 orcs
7 creatures vanquished.

Vanquished Creatures (others)
  A dancing weapon (D:5)
  11 toadstools (D:3)
12 creatures vanquished.

Grand Total: 169 creatures vanquished

Notes
Turn   | Place    | Note
-------+----------+-------------------------------------------
     0 | D:1      | Gorice the Kobold Enchanter began the quest for the Orb.
     0 | D:1      | Reached XP level 1. HP: 10/10 MP: 3/3
   320 | D:1      | Reached skill level 2 in Short Blades
   360 | D:1      | Reached XP level 2. HP: 11/15 MP: 0/5
   584 | D:1      | Learned a level 2 spell: Ensorcelled Hibernation
  1272 | D:1      | Reached XP level 3. HP: 13/19 MP: 3/6
  1965 | D:2      | Reached skill level 3 in Short Blades
  2072 | D:2      | Found a snail-covered altar of Cheibriados.
  2520 | D:3      | Reached XP level 4. HP: 23/24 MP: 7/7
  2532 | D:3      | Reached skill level 4 in Hexes
  2549 | D:3      | Found a blossoming altar of Fedhas.
  2638 | D:3      | Found a glowing drain.
  2704 | Sewer    | Entered a sewer
  2874 | Sewer    | Learned a level 3 spell: Confuse
  3044 | Sewer    | Reached XP level 5. HP: 27/28 MP: 1/8
  3134 | Sewer    | Reached skill level 4 in Short Blades
  3148 | Sewer    | HP: 8/28 [poisoned by an adder]
  3731 | Sewer    | Reached skill level 5 in Hexes
  4071 | Sewer    | Reached XP level 6. HP: 15/32 MP: 2/9
  4588 | Sewer    | Reached skill level 5 in Short Blades
  4588 | Sewer    | Reached skill level 6 in Hexes
  4805 | Sewer    | Learned a level 3 spell: Tukima's Dance
  5093 | D:3      | Noticed an oklob plant
  5347 | D:4      | Noticed an ogre
  5350 | D:4      | Killed an ogre
  5350 | D:4      | Reached XP level 7. HP: 36/36 MP: 10/10
  5455 | D:4      | Found Ulemestro's Assorted Antiques.
  5846 | D:4      | Reached skill level 6 in Short Blades
  5952 | D:4      | Reached skill level 7 in Hexes
  6212 | D:4      | Found Tasiuc's Food Boutique.
  6443 | D:4      | Reached XP level 8. HP: 41/41 MP: 8/11
  6505 | D:4      | Noticed Blork the orc
  6509 | D:4      | Killed Blork the orc
  7200 | D:5      | Entered Level 5 of the Dungeon
  7427 | D:5      | Found a staircase to the Ecumenical Temple.
  7436 | D:5      | Reached skill level 8 in Hexes
  7443 | Temple   | Entered the Ecumenical Temple
  7500 | Temple   | Became a worshipper of Warmaster Okawaru
  7559 | D:5      | Noticed Eustachio
  7573 | D:5      | Killed Eustachio
  7573 | D:5      | Reached skill level 7 in Short Blades
  7798 | D:5      | HP: 9/41 [orc priest/nerve-wracking pain (4)]
  7822 | D:5      | HP: 17/61 [orc priest/divine providence (11)]
  9115 | D:4      | HP: 10/41 [sky beast (6)]
  9133 | D:4      | HP: 11/41 [sky beast (1)]
  9134 | D:4      | HP: 4/41 [sky beast (2)]
  9134 | D:4      | Slain by a sky beast

Vault maps used:
D:1:      evilmike_arrival_rings
D:2:      kennysheep_slug_shrine
D:3:      cheibrodos_sewer_entry_drain, first_bread, tgw_fedhas
D:4:      serial_shops, shop, shop, uniq_blork_the_orc
D:5:      minmay_temple_entry_grid, uniq_eustachio
Temple:   grunt_wide_crystal_templ
Sewer:    sewer_frog_island_02

Skill      XL: |  1  2  3  4  5  6  7  8 |
---------------+-------------------------+-----
Short Blades   | 2 3 4 5 6 7 |  7.5
Hexes          | 4 5 6 7 8 |  8.8
Dodging        | |  2.4
Stealth        | |  4.0
Spellcasting   | |  2.1

Action                   |  1- 3 |  4- 6 |  7- 9 || total
-------------------------+-------+-------+-------++-------
Melee: Dagger            |   141 |   223 |   244 ||   608
Throw: Stone             |       |     2 |     1 ||     3
 Cast: Corona            |    28 |    25 |     9 ||    62
       Ensorcelled Hiber |       |    44 |    38 ||    82
       Confuse           |       |       |    21 ||    21
       Tukima's Dance    |       |       |     9 ||     9
 Abil: Evoke Flight      |     1 |       |       ||     1
Evoke: Wand              |       |       |     1 ||     1
  Use: Scroll            |    11 |     2 |     3 ||    16
       Potion            |       |       |     3 ||     3
 Stab: Sleeping          |     4 |    31 |    13 ||    48
       Distracted        |     1 |       |     1 ||     2
       Confused          |       |       |    10 ||    10
  Eat: Chunk             |    14 |    13 |    17 ||    44
Armor: Robe              |    21 |    43 |    18 ||    82
       Skin              |       |       |     5 ||     5
       Leather armour    |       |       |     3 ||     3
Dodge: Dodged            |   120 |   221 |   124 ||   465

Table legend:
 A = Turns spent in this place as a percentage of turns spent in the entire game.
 B = Non-inter-level travel turns spent in this place as a percentage of non-inter-level travel turns spent in the entire game.
 C = Inter-level travel turns spent in this place as a percentage of turns spent in this place.
 D = Turns resting spent in this place as a percentage of non-inter-level travel turns spent in this place.
 E = Turns spent auto-exploring this place as a percentage of non-inter-level travel turns spent in this place.
 F = Non-inter-level travel turns spent in this place divided by the number of levels of this place that you've seen.
                   A       B       C       D       E      F
               +-------+-------+-------+-------+-------+----------------------
         Total | 100.0 | 100.0 |   0.3 |   6.0 |   3.7 | 432.6
       Dungeon |  73.8 |  73.8 |   0.3 |   5.6 |   4.2 | 446.8
        Temple |   0.9 |   0.9 |   3.7 |   0.0 |  61.5 |  26.0
         Sewer |  25.3 |  25.4 |   0.0 |   7.3 |   0.4 | 768.0
               +-------+-------+-------+-------+-------+----------------------

Vault maps used:
D:1:      evilmike_arrival_rings
D:2:      kennysheep_slug_shrine
D:3:      cheibrodos_sewer_entry_drain, first_bread, tgw_fedhas
D:4:      serial_shops, shop, shop, uniq_blork_the_orc
D:5:      minmay_temple_entry_grid, uniq_eustachio
Temple:   grunt_wide_crystal_templ
Sewer:    sewer_frog_island_02
